 Dungeon Crawl Stone Soup version 0.29-a0-330-g52719c12eb (webtiles) character file.

Game seed: 25538362292866411

1121 ketsa the Skirmisher (level 8, -3/64 HPs)
             Began as a Djinni Conjurer on May 30, 2022.
             Was an Initiate of Ashenzari.
             Slain by an ogre
             ... wielding a +0 giant club
              (23 damage)
             ... on level 6 of the Dungeon.
             The game lasted 00:24:39 (7060 turns).

ketsa the Skirmisher (Djinni Conjurer)              Turns: 7060, Time: 00:24:40

Health: -3/64      AC:  5    Str:  6    XL:     8   Next: 61%
Gold:   279        EV: 11    Int: 23    God:    Ashenzari [......] SH:  0 Dex: 11

rFire   + + +      SeeInvis +   e - +1 dagger
rCold   x . .      Faith    .   (no shield)
rNeg    . . .      Spirit   .   h - +2 leather armour of Pengas {rF+ rCorr SInv}
rPois   ∞          Reflect  .   (no helmet)
rElec   .          Harm     .   (no cloak)
rCorr   +          Rampage  .   (no gloves)
Will    +....                   (boots unavailable)
Stlth   +.........              (no amulet)
HPRegen 0.20/turn               c - ring "Tethered With Me" {Wiz, Fort, Self} (curse)
MPRegen 0.00/turn               g - ring of willpower

@: brilliant, spiked, flying
A: sickness immunity, fire resistance 2, cold vulnerability 1, float, innate
caster, HP casting, extra vitality 1
a: Renounce Religion, Shatter the Chains


You were on level 6 of the Dungeon.
You worshipped Ashenzari.
Ashenzari was noncommittal.
You visited 2 branches of the dungeon, and saw 7 of its levels.
You also visited: Ossuary.

You collected 279 gold pieces.

Inventory:

Hand Weapons
 e - a +1 dagger (weapon)
 z - a +1 short sword of speed
 D - a +3 flail of venom
Missiles
 k - 3 atropa-tipped darts
 v - 7 poisoned darts
Armour
 a - a +1 robe
 h - the +2 leather armour of Pengas (worn) {rF+ rCorr SInv}
   (You found it on level 2 of the Dungeon)

   rF:        It protects you from fire.
   SInv:      It lets you see invisible.
   rCorr:     It protects you from acid and corrosion.
 r - a +0 helmet
Jewellery
 c - the cursed ring "Tethered With Me" (left hand) {Wiz, Fort, Self}
   (You found it on level 1 of the Dungeon)

   [ring of wizardry]

   It improves your spell success rate.
   It has a curse which improves the following skills: Fortitude: Armour and
   Shields.
   Introspection: Fighting and Spellcasting.
 g - a ring of willpower (right hand)
 u - a ring of fire
Wands
 x - a wand of flame (12)
Scrolls
 i - a scroll of vulnerability {unknown}
 m - 2 scrolls of magic mapping {unknown}
 o - a scroll of enchant weapon
 q - a scroll of holy word {unknown}
 s - 3 scrolls of teleportation {unknown}
 t - 2 scrolls of identify {unknown}
 w - 2 scrolls of torment {unknown}
 y - a scroll of summoning {unknown}
 C - a scroll of fog {unknown}
 E - a scroll of blinking {unknown}
Potions
 b - 2 potions of lignification
 d - 2 potions of ambrosia {unknown}
 f - 3 potions of degeneration
 j - 2 potions of flight
 l - 4 potions of haste {unknown}
 p - 4 potions of resistance {unknown}
 A - 4 potions of brilliance
 B - 2 potions of berserk rage {unknown}


   Skills:
 + Level 6.6(7.1) Fighting
 - Level 2.1 Dodging
 - Level 1.5 Stealth
 + Level 6.1(6.6) Spellcasting


You couldn't memorise any spells.
You knew the following spells:

 Your Spells              Type           Power      Damage    Failure   Level
a - Magic Dart            Conj           100%       1d8       1%          1
b - Searing Ray           Conj           100%       2d8       1%          2
c - Dazzling Flash        Conj/Hex       100%       N/A       1%          3
d - Fulminant Prism       Conj/Hex       27%        3d14      3%          4
e - Iskenderun's Mystic   Conj/Tloc      54%        2d12      3%          4
f - Beastly Appendage     Tmut           100%       N/A       1%          1
g - Ensorcelled Hibernat  Hex/Ice        100%       N/A       1%          2
h - Summon Guardian Gole  Hex/Summ       54%        N/A       1%          3
Your spell library was empty.

Dungeon Overview and Level Annotations

Branches:
Dungeon (6/15)             Temple (1/1) D:5         Ossuary (visited)

Altars:
Ashenzari
Dithmenos
Elyvilon
Fedhas
Hepliaklqana
Kikubaaqudgha
Makhleb
Nemelex Xobeh
Okawaru
Qazlal
Ru
Trog
Uskayaw
Vehumet
Xom
Yredelemnul
The Shining One


Innate Abilities, Weirdness & Mutations

You are immune to sickness and miasma.
You are immune to poison.
Your flesh is very heat resistant. (rF++)
You are vulnerable to cold. (rC-)
You float through the air rather than walking.
You learn spells naturally, not from books.
Your magical power is your life essence.
You have superior vitality. (+4 MHP)


Message History

Aim: an ogre, wielding a +0 giant club (chance to affect: 65%)
The ogre looks drowsy...
The manticore flicks its tail.
The volley of spikes hits you.
The barbed spikes become lodged in your body.
The barbs in your skin will harm you if you move.
Continue?
Okay, then.
Casting: Ensorcelled Hibernation (safe; 1% risk of failure)
Confirm with . or Enter, or press ? or * to list all spells.
Aiming: Fulminant Prism (dangerous; 3% risk of failure)
Press: ? - help, Dir - move target, p - ogre You conjure a prism of explosive energy!
A fulminant prism comes into view.
The ogre hits your fulminant prism with a +0 giant club!!
Your fulminant prism detonates feebly.
The manticore flicks its tail.
The volley of spikes hits you!!
The barbed spikes become lodged in your body.
Casting: Fulminant Prism (dangerous; 3% risk of failure)
Confirm with . or Enter, or press ? or * to list all spells.
Aiming: Fulminant Prism (dangerous; 3% risk of failure)
Press: ? - help, Dir - move target You conjure a prism of explosive energy!
A fulminant prism comes into view.
The manticore flicks its tail.
The volley of spikes hits your fulminant prism!
Your fulminant prism detonates feebly.
You feel better.
The barbs in your skin will harm you if you move.
Continue?
The barbed spikes dig painfully into your body as you move.
The barbed spikes dig painfully into your body as you move.
Okay, then.
It was a potion of brilliance.
You feel clever all of a sudden.
Casting: Fulminant Prism (dangerous; 3% risk of failure)
Confirm with . or Enter, or press ? or * to list all spells.
You feel a surge of power!
A guardian golem appears, shielding your allies.
The ogre hits you with a +0 giant club!!
You die...

####
...#####################
...'....................
...#############9#######
...# #.# ...######## #@#
........... #O#
...######## #H# ...###
#.# .....# #.# .....#
#.# .....# #........
.....# #..##..## .....#
#..# #


You could see a manticore (ally target), an ogre and a friendly guardian golem
(summoned).

Vanquished Creatures
  A water moccasin (D:5)
  2 black bears
  A phantom (D:5)
  2 necrophages (D:6)
  A gnoll sergeant (D:6)
  3 scorpions
  A hound (D:6)
  A jelly (D:5)
  An iguana (D:4)
  2 orc wizards
  2 hound zombies (Ossuary)
  4 mummies (Ossuary)
  4 adders
  A gnoll (D:6)
  2 white imps (D:5)
  An adder zombie (Ossuary)
  A worm (D:2)
  2 dart slugs
  13 orcs
  8 ball pythons
  2 endoplasms
  2 giant cockroaches
  9 goblins
  2 hobgoblins
  6 quokkas
  6 bats
  2 frilled lizards
  A gnoll zombie (Ossuary)
  4 hobgoblin zombies (Ossuary)
  A jackal zombie (Ossuary)
  4 kobolds
  An orc zombie (Ossuary)
  7 rats
  2 rat zombies (Ossuary)
102 creatures vanquished.

Vanquished Creatures (others)
  A hound (D:5)
  2 gnolls (D:6)
  15 fulminant prisms
18 creatures vanquished.

Grand Total: 120 creatures vanquished

Notes
Turn   | Place    | Note
-------+----------+-------------------------------------------
     0 | D:1      | ketsa the Djinni Conjurer began the quest for the Orb.
     0 | D:1      | Reached XP level 1. HP: 15/15 MP: 0/0
   306 | D:1      | Found a faded altar of an unknown god.
   314 | D:1      | Prayed at the altar of an unknown god.
   314 | D:1      | Became a worshipper of Ashenzari the Shackled
   330 | D:1      | Reached XP level 2. HP: 20/22 MP: 0/0
   333 | D:1      | Reached skill level 1 in Fighting
  1200 | D:2      | Identified the +2 leather armour of Pengas {rF+ rCorr SInv}
  1323 | D:2      | Reached XP level 3. HP: 23/28 MP: 0/0
  1323 | D:2      | Learned a level 1 spell: Beastly Appendage
  2226 | D:3      | Reached XP level 4. HP: 29/33 MP: 0/0
  2729 | D:3      | Found a sacrificial altar of Ru.
  2980 | D:4      | Found a sand-covered staircase.
  2999 | Ossuary  | Entered an ossuary
  3021 | Ossuary  | Reached XP level 5. HP: 34/40 MP: 0/0
  3021 | Ossuary  | Learned a level 2 spell: Ensorcelled Hibernation
  3460 | D:4      | Noticed a black bear
  3530 | D:4      | Reached XP level 6. HP: 35/46 MP: 0/0
  3675 | D:4      | Found a sparkling altar of Nemelex Xobeh.
  4011 | D:4      | Killed a black bear
  4202 | D:4      | Found a white marble altar of Elyvilon.
  4461 | D:5      | Entered Level 5 of the Dungeon
  4538 | D:5      | Found a shimmering altar of Xom.
  4547 | D:5      | Noticed a water moccasin
  4554 | D:5      | Killed a water moccasin
  4555 | D:5      | Reached skill level 5 in Spellcasting
  4555 | D:5      | Reached XP level 7. HP: 39/53 MP: 0/0
  4555 | D:5      | Learned a level 3 spell: Summon Guardian Golem
  4656 | D:5      | Found a stormy altar of Qazlal.
  4744 | D:5      | Reached skill level 5 in Fighting
  4927 | D:5      | Identified the +1 ring mail "Sipsetsy" {*Corrode rPois rC+}
  5228 | D:5      | Reached XP level 8. HP: 36/61 MP: 0/0
  5478 | D:5      | Found a hide-covered altar of Uskayaw.
  5535 | D:5      | Found a staircase to the Ecumenical Temple.
  5544 | D:5      | HP: 1/61 [white imp/puff of frost (6)]
  5750 | Temple   | Entered the Ecumenical Temple
  7052 | D:6      | Noticed a manticore
  7060 | D:6      | Slain by an ogre

Illustrated notes

Levels and vault maps discovered:
D:1:      lightli_arrival_isolated_outpost, layout_basic,
          ebering_ecumenical_altar_box
D:2:      layout_loops_ring
D:3:      layout_loops_cross, hangedman_ru_absence
D:4:      layout_rooms, mainiacjoe_overflow_24_doors,
          nicolae_overflow_crystal_walls, nemelex_diamond_rough_becter,
          enter_ossuary_1, minmay_puff
D:5:      layout_loops_cross, nicolae_uskayaw_murder_on_the_dancefloor,
          mainiacjoe_overflow_catwalk_spiral, minmay_temple_entry_nine_rooms
D:6:      layout_basic, uniq_sigmund
Temple:   jpeg_temple_alley_garden

Skill      XL: |  1  2  3  4  5  6  7  8 |
---------------+-------------------------+-----
Fighting       | 1 2 3 4 5 6 |  6.6
Spellcasting   | 4 5 6 |  6.1
Dodging        | |  2.1
Stealth        | |  1.5

Action                   |  1- 3 |  4- 6 |  7- 9 || total
-------------------------+-------+-------+-------++-------
Melee: Dagger            |       |     5 |    15 ||    20
 Cast: Magic Dart        |    73 |    74 |    35 ||   182
       Searing Ray       |     1 |    10 |    15 ||    26
       Iskenderun's Myst |       |     2 |       ||     2
       Fulminant Prism   |       |     5 |    10 ||    15
       Summon Guardian G |       |       |     8 ||     8
       Beastly Appendage |       |       |     1 ||     1
       Ensorcelled Hiber |       |       |     1 ||     1
Invok: Curse Item        |       |       |     1 ||     1
  Use: Scroll            |     3 |     1 |       ||     4
       Potion            |       |     6 |     3 ||     9
Armor: Leather armour    |     1 |    10 |    11 ||    22
       Skin              |       |    81 |       ||    81
Dodge: Dodged            |     3 |    28 |    23 ||    54

Table legend: (Time is in decaauts)
 A = Elapsed time spent in this place.
 B = Non-inter-level travel time spent in this place.
 C = Inter-level travel time spent in this place.
 D = Time resting spent in this place.
 E = Time spent auto-exploring this place.
 F = Levels seen in this place.
 G = Mean time per level.
                   A        B        C        D        E       F      G
               +--------+--------+--------+--------+--------+-----+--------+
         Total |   7058 |   6885 |    173 |   1750 |   3868 |   8 |  882.2 |
       Dungeon |   6486 |   6365 |    121 |   1579 |   3702 |   6 | 1081.0 |
        Temple |    220 |    168 |     52 |      0 |    163 |   1 |  220.0 |
       Ossuary |    351 |    351 |      0 |    171 |      3 |   1 |  351.0 |
               +--------+--------+--------+--------+--------+-----+--------+

Top non-repeatable levels by time:
     D:5: 1758 daAuts
     D:1: 1191 daAuts
     D:4: 1129 daAuts
     D:2: 998 daAuts
     D:3: 788 daAuts
     D:6: 620 daAuts
 Ossuary: 351 daAuts
  Temple: 220 daAuts
